 Dungeon Crawl Stone Soup version 0.30-a0-715-gdb4ae3ece1 (webtiles) character file.

Game seed: 6186028023295065919

5883 cforsyth the Summoner (level 10, 0/63 HPs)
             Began as a Demonspawn Summoner on Jan 25, 2023.
             Was an Initiate of Gozag.
             Killed from afar by an electric eel (11 damage)
             ... with a bolt of electricity
             ... on level 8 of the Dungeon.
             The game lasted 00:28:51 (9399 turns).

cforsyth the Summoner (Demonspawn Summoner)         Turns: 9399, Time: 00:28:52

Health: 0/63       AC:  7    Str:  9    XL:     10   Next: 52%
Magic:  16/23      EV: 12    Int: 20    God:    Gozag
Gold:   1075       SH:  0    Dex: 14    Spells: 10/28 levels left

rFire   . . .      SeeInvis .    (no weapon)
rCold   . . .      Faith    .    (no shield)
rNeg    . . .      Spirit   .    a - +1 robe
rPois   .          Reflect  .    (helmet restricted)
rElec   .          Harm     .    w - +0 cloak
rCorr   .          Rampage  .    (no gloves)
Will    .....                    n - +2 pair of boots
Stlth   ++                       (no amulet)
HPRegen 0.30/turn                (no ring)
MPRegen 0.18/turn                (no ring)

@: no status effects
A: antennae 2, hooves 2, ignite blood 1, demonic touch 2
a: Renounce Religion, Potion Petition, Call Merchant, Bribe Branch


You were on level 8 of the Dungeon.
You worshipped Gozag.
Gozag was most pleased with you.
You visited 2 branches of the dungeon, and saw 9 of its levels.

You collected 1263 gold pieces.
You paid 188 gold pieces to Gozag.

Inventory:

Missiles
 v - a throwing net
Armour
 a - a +1 robe (worn)
 n - a +2 pair of boots (worn)
 w - a +0 cloak (worn)
Jewellery
 i - an amulet of guardian spirit
 x - a ring of resist corrosion
Wands
 u - a wand of charming (11)
 E - a wand of digging (5)
Scrolls
 c - a scroll of torment {unknown}
 d - a scroll of silence {unknown}
 e - 4 scrolls of enchant armour
 j - 2 scrolls of teleportation
 k - 2 scrolls of fear {unknown}
 l - 2 scrolls of fog {unknown}
 o - a scroll of summoning {unknown}
 p - a scroll of vulnerability {unknown}
 s - a scroll of poison
 t - a scroll of amnesia {unknown}
 y - a scroll of blinking {unknown}
 z - a scroll of noise {unknown}
 C - a scroll of enchant weapon {unknown}
 D - a scroll of identify
Potions
 b - 2 potions of magic
 f - 6 potions of lignification
 g - 3 potions of ambrosia
 h - a potion of might
 m - 3 potions of curing
 q - 4 potions of flight
 r - 2 potions of attraction
 A - a potion of haste
 B - 3 potions of brilliance {unknown}


   Skills:
 - Level 2.3 Dodging
 - Level 2.5 Stealth
 + Level 9.9 Spellcasting
 - Level 5.0 Hexes
 + Level 11.3 Summonings


You had 10 spell levels left.
You knew the following spells:

 Your Spells              Type           Power      Damage    Failure   Level
a - Summon Small Mammal   Summ           100%       N/A       1%          1
b - Call Imp              Summ           53%        N/A       1%          2
c - Call Canine Familiar  Summ           53%        N/A       1%          3
d - Summon Guardian Gole  Hex/Summ       42%        N/A       1%          3
e - Summon Lightning Spi  Summ/Air       32%        N/A       7%          4
h - Summon Mana Viper     Hex/Summ       42%        N/A       7%          5

Your spell library contained the following spells:

 Spells                   Type           Power      Damage    Failure   Level
 Apportation              Tloc           18%        N/A       7%          1
 Foxfire                  Conj/Fire      36%        2x1d5     7%          1
 Summon Ice Beast         Ice/Summ       32%        N/A       7%          4
 Dazzling Flash           Conj/Hex       38%        N/A       8%          3
 Summon Forest            Summ/Tloc      16%        N/A       19%         5
 Monstrous Menagerie      Summ           26%        N/A       50%         7
 Summon Hydra             Summ           26%        N/A       50%         7
 Flame Wave               Conj/Fire      9%         2d6       56%         4
 Silence                  Hex/Air        9%         N/A       56%         5
 Agony                    Necr           9%         N/A       89%         5
 Alistair's Intoxication  Tmut/Pois      6%         N/A       89%         5
 Haunt                    Necr/Summ      16%        N/A       99%         7
 Eringya's Noxious Bog    Tmut/Pois      4%         N/A       100%        6
 Storm Form               Tmut/Air       4%         N/A       100%        7
 Maxwell's Capacitive Co  Air            4%         ∞         100%        8


Dungeon Overview and Level Annotations

Branches:
Dungeon (8/15)             Temple (1/1) D:6            Lair (0/5) D:8

Altars:
Cheibriados
Gozag
Makhleb
Nemelex Xobeh
Okawaru
Uskayaw
Vehumet
Yredelemnul

Shops:
D:2 (


Innate Abilities, Weirdness & Mutations

You have a pair of antennae on your head.
You have hoof-like feet.
Your demonic aura sometimes causes spilled blood to erupt in flames.
Your touch may inflict irresistible damage on your foes.


Message History

The electric eel shoots out a bolt of lightning at you!
The bolt of electricity hits you!
Casting: Call Canine Familiar (safe; 1% risk of failure)
Confirm with . or Enter, or press ? or * to list all spells.
A mana viper appears with a sibilant hiss.
The electric eel shoots out a bolt of lightning at you!
The bolt of electricity hits your wolf. The bolt of electricity hits you!
What are your orders? t - Shout!
Orders for allies: a - Attack new target. r - Retreat! s - Stop attacking. g - Guard the area. f - Follow me.
Anything else - Cancel.
Gang up on whom?
Press: ? - help, Dir - move target, f - electric eel
Aim: an electric eel (water, ally target) Attack!
Your wolf splashes around in the water.
Your wolf closely misses the electric eel.
The electric eel shoots out a bolt of lightning at you!
The bolt of electricity hits your wolf! The bolt of electricity hits you!
Your wolf splashes around in the water.
Your wolf closely misses the electric eel.
The electric eel shoots out a bolt of lightning at you!
The bolt of electricity hits your wolf. The bolt of electricity hits you!
Your wolf closely misses the electric eel.
Your wolf barely misses the electric eel.
Your wolf closely misses the electric eel.
The bolt of electricity hits the electric eel.
The electric eel completely resists.
A bolt of electricity appears from out of your range of vision.
The bolt of electricity hits your wolf!
Your wolf dies!
Your wolf's corpse disappears in a puff of smoke!
The electric eel shoots out a bolt of lightning at you!
The bolt of electricity hits you!
* * * LOW HITPOINT WARNING * * *
The electric eel shoots out a bolt of lightning at you!
The bolt of electricity hits you!
You die...
Your body crumbles into a pile of gold.

#..# #.......
#..#######.#.....
#..........#.#..#
#)#########...... #.#
#..#..#
####.#########..#..#
##...........)...#..#
#####..#######.##.#.##..#
.........@..# #.##)#.##...
...~........###.##)#.##.##
...~.~...~.......#.#.##..
.~.~~.~.~≈..####.#.#.#
~~≈.~~≈≈≈.≈.# #.#.#..
≈≈≈≈~~≈≈~$..# #...###
≈~≈~≈~≈≈≈S§≈# #.###
~.~.~.≈≈≈S≈# #.#
....≈~≈≈≈h. ...


You could see an electric eel (ally target) and a friendly mana viper
(summoned).

Vanquished Creatures
  Maggie (D:8)
  A troll (D:6)
  An orc warrior (D:7)
  A black bear (D:6)
  2 ogres
  2 bullfrogs
  2 howler monkeys (D:8)
  2 hounds
  2 iguanas (D:5)
  2 orc wizards (D:7)
  2 adders
  6 gnolls
  A dart slug (D:3)
  6 orcs
  A ball python (D:1)
  A jackal (D:2)
  A kobold (D:4)
34 creatures vanquished.

Vanquished Creatures (collateral kills)
  A troll (D:8)
  Grinder (D:3)
  A wraith (D:7)
  An acid dragon (D:8)
  A black bear (D:4)
  2 ice beasts (D:6)
  An ogre (D:4)
  3 wolves (D:8)
  2 centaurs
  A phantom (D:4)
  A kobold brigand (D:8)
  5 scorpions
  2 howler monkeys
  2 electric eels (D:8)
  A hound (D:5)
  Crazy Yiuf (D:2)
  A gnoll bouda (D:5)
  5 orc priests
  4 iguanas
  Ijyb (D:3)
  2 orc wizards
  7 gnolls
  6 adders
  A shadow imp (D:6)
  A white imp (D:8)
  2 ufetubi
  2 worms (D:2)
  3 dart slugs
  21 orcs
  14 ball pythons
  4 bats
  8 endoplasms
  5 giant cockroaches
  7 goblins
  8 hobgoblins
  6 jackals
  9 kobolds
  A quokka (D:1)
  3 frilled lizards
  4 rats
151 creatures vanquished.

Vanquished Creatures (others)
  A two-headed ogre (D:8)
  A manticore (D:6)
  A troll (D:8)
  A wyvern (D:7)
  An acid dragon (D:8)
  2 orc warriors
  2 wolves (D:8)
  A bullfrog (D:7)
  An orc wizard (D:8)
  3 orcs
14 creatures vanquished.

Grand Total: 199 creatures vanquished

Notes
Turn   | Place    | Note
-------+----------+-------------------------------------------
     0 | D:1      | cforsyth the Demonspawn Summoner began the quest for the
                  | Orb.
     0 | D:1      | Reached XP level 1. HP: 13/13 MP: 3/3
   194 | D:1      | Discovered your monstrous ancestry.
   194 | D:1      | Gained mutation: You have large cloven feet. [demonic
                  | ancestry]
   194 | D:1      | Reached XP level 2. HP: 19/19 MP: 5/5
   197 | D:1      | Learned a level 2 spell: Call Imp
   985 | D:1      | Gained mutation: Your touch may inflict minor irresistible
                  | damage on your foes. [demonic ancestry]
   985 | D:1      | Reached XP level 3. HP: 21/24 MP: 2/6
   989 | D:1      | Learned a level 3 spell: Call Canine Familiar
  1649 | D:2      | Found Ydwusoim's Antique Weapon Shop.
  1849 | D:2      | Found a runed translucent door.
  1850 | D:2      | Noticed Crazy Yiuf
  2218 | D:3      | Noticed Grinder
  2276 | D:3      | Killed Grinder
  2277 | D:3      | Reached skill level 5 in Summonings
  2277 | D:3      | Gained mutation: Your touch may inflict irresistible damage
                  | on your foes. [demonic ancestry]
  2277 | D:3      | Reached XP level 4. HP: 30/30 MP: 0/10
  2277 | D:3      | Gained mutation: You have a pair of small antennae on your
                  | head. [demonic ancestry]
  2277 | D:3      | Reached XP level 5. HP: 35/35 MP: 0/11
  2542 | D:3      | Gained mutation: Your demonic aura sometimes causes spilled
                  | blood to erupt in flames. [demonic ancestry]
  2542 | D:3      | Reached XP level 6. HP: 41/41 MP: 4/12
  2669 | D:3      | Noticed Ijyb
  2689 | D:3      | Killed Ijyb
  2865 | D:3      | Learned a level 3 spell: Summon Guardian Golem
  3129 | D:4      | Reached skill level 1 in Hexes
  3230 | D:4      | Reached skill level 6 in Summonings
  3450 | D:4      | Reached XP level 7. HP: 44/46 MP: 9/13
  3665 | D:5      | Entered Level 5 of the Dungeon
  4070 | D:4      | Reached skill level 5 in Spellcasting
  4707 | D:5      | Reached skill level 7 in Summonings
  4707 | D:5      | Gained mutation: You have hoof-like feet. [demonic
                  | ancestry]
  4707 | D:5      | Reached XP level 8. HP: 52/52 MP: 9/16
  5265 | D:2      | Killed Crazy Yiuf
  5553 | D:6      | Found a staircase to the Ecumenical Temple.
  5580 | Temple   | Entered the Ecumenical Temple
  5598 | Temple   | Became a worshipper of Gozag Ym Sagoz the Greedy
  5646 | D:6      | Identified the +2 ring mail "Daafoll" {Str+7 Stlth-}
  6229 | D:6      | Noticed a troll
  6247 | D:6      | Killed a troll
  6248 | D:6      | Reached skill level 5 in Hexes
  6332 | D:6      | Reached skill level 8 in Summonings
  6381 | D:6      | Reached XP level 9. HP: 57/57 MP: 14/19
  6539 | D:6      | Noticed a manticore
  6559 | D:6      | Killed a manticore
  6689 | D:6      | Got the Essays on Creative Cinders
  6943 | D:7      | Reached skill level 9 in Summonings
  7678 | D:7      | Found a radiant altar of Vehumet.
  7724 | D:7      | Identified the +8 spear of Demand {holy, rCorr Int+4}
  7941 | D:7      | Learned a level 5 spell: Summon Mana Viper
  7946 | D:7      | Learned a level 4 spell: Summon Lightning Spire
  7984 | D:8      | Reached skill level 10 in Summonings
  8238 | D:8      | Noticed Maggie
  8249 | D:8      | Killed Maggie
  8250 | D:8      | Gained mutation: You have a pair of antennae on your head.
                  | [demonic ancestry]
  8250 | D:8      | Reached XP level 10. HP: 42/63 MP: 3/22
  8952 | D:8      | Noticed a two-headed ogre
  9256 | D:8      | Killed a two-headed ogre
  9257 | D:8      | Reached skill level 11 in Summonings
  9386 | D:8      | Found a staircase to the Lair.
  9399 | D:8      | Killed from afar by an electric eel

Illustrated notes

Levels and vault maps discovered:
D:1:      noname_arrival_rooms_in_the_neighbourhood, layout_loops_ring
D:2:      layout_rooms, serial_shops, shop, uniq_crazy_yiuf_cottage
D:3:      layout_rooms, uniq_grinder, uniq_ijyb
D:4:      minmay_polygon_palace, layout_basic, serial_park_tiny_2,
          kennysheep_generic_room_4
D:5:      layout_rooms, chequers_serial_rivers_micro_e
D:6:      minmay_opposing_rooms, layout_loops_cross,
          minmay_temple_entry_statues_pillars
D:7:      layout_rooms, fiery_altar_vehumet, nrook_loot_triangle
D:8:      layout_loops_ring, erik_lair_island, uniq_maggie
Temple:   nicolae_temple_bog_church

Skill      XL: |  1  2  3  4  5  6  7  8  9 10 |
---------------+-------------------------------+-----
Stealth        | 2 |  2.5
Dodging        | 2 |  2.3
Spellcasting   | 4 5 6 8 9 |  9.9
Summonings     | 5 6 7 8 10 11 | 11.3
Hexes          | 1 3 5 |  5.0

Action                     |  1- 3 |  4- 6 |  7- 9 | 10-12 || total
---------------------------+-------+-------+-------+-------++-------
  Melee: Unarmed           |    19 |     3 |    28 |     3 ||    53
         Kick              |     4 |       |       |       ||     4
         Touch             |     2 |     1 |     7 |     1 ||    11
         Punch             |       |       |     1 |       ||     1
   Cast: Summon Small Mamm |    64 |    24 |    81 |     2 ||   171
         Call Imp          |    15 |     8 |    34 |     1 ||    58
         Call Canine Famil |     6 |    11 |    46 |     7 ||    70
         Summon Guardian G |       |       |    16 |     6 ||    22
         Summon Mana Viper |       |       |     1 |     6 ||     7
    Use: Potion            |     1 |     1 |     1 |       ||     3
         Scroll            |       |       |    11 |       ||    11
   Stab: Distracted        |       |       |     1 |       ||     1
 Armour: Robe              |     9 |     7 |    33 |     4 ||    53
  Dodge: Dodged            |    48 |    10 |    75 |     9 ||   142

Table legend: (Time is in decaauts)
 A = Elapsed time spent in this place.
 B = Non-inter-level travel time spent in this place.
 C = Inter-level travel time spent in this place.
 D = Time resting spent in this place.
 E = Time spent auto-exploring this place.
 F = Levels seen in this place.
 G = Mean time per level.
                   A        B        C        D        E       F      G
               +--------+--------+--------+--------+--------+-----+--------+
         Total |   9392 |   8958 |    434 |   1341 |   4937 |   9 | 1043.6 |
       Dungeon |   9363 |   8939 |    424 |   1341 |   4926 |   8 | 1170.4 |
        Temple |     28 |     18 |     10 |      0 |     11 |   1 |   28.0 |
               +--------+--------+--------+--------+--------+-----+--------+

Top non-repeatable levels by time:
     D:4: 1527 daAuts
     D:6: 1316 daAuts
     D:7: 1251 daAuts
     D:8: 1237 daAuts
     D:2: 1205 daAuts
     D:1: 1204 daAuts
     D:5: 872 daAuts
     D:3: 748 daAuts
  Temple: 28 daAuts
